 Dungeon Crawl Stone Soup version 0.24-a0-347-g1a3e1d35ff (webtiles) character file.

Game seed: 16337516580653275076

7 Geomchi the Insei (level 2, -1/18 HPs)
             Began as an Octopode Transmuter on May 23, 2019.
             Killed from afar by a dart slug (6 damage)
             ... with a slug dart
             ... on level 1 of the Dungeon.
             The game lasted 00:00:10 (280 turns).

Geomchi the Insei (Octopode Transmuter)              Turns: 280, Time: 00:00:10

Health: -1/18      AC:  1    Str:  9    XL:     2   Next: 0%
Magic:  3/5        EV: 13    Int: 15    God:
Gold:   0          SH:  0    Dex: 12    Spells: 4/5 levels left

rFire    . . .     SeeInvis .     - Unarmed
rCold    . . .     Gourm    .   (no shield)
rNeg     . . .     Faith    .   (helmet restricted)
rPois    .         Spirit   .   (no amulet)
rElec    .         Reflect  .   (no ring)
rCorr    .         Harm     .   (no ring)
MR       .....                  (no ring)
Stlth    ++........             (no ring)
HPRegen  0.06/turn              (no ring)
MPRegen  0.09/turn              (no ring)
                                (no ring)
                                (no ring)

@: appendage (expiring), lightly drained
A: almost no armour, stealthy swim, amphibious, 8 rings, constrict 8, tentacle
spike 3, camouflage 1, gelatinous body 1
a: End Transformation


You were on level 1 of the Dungeon.
You were not hungry.
One of your tentacles had a temporary spike.
You visited 1 branch of the dungeon, and saw 1 of its levels.

Inventory:

Missiles
 a - 12 arrows
Scrolls
 d - a scroll of teleportation {unknown}
Comestibles
 c - a ration


   Skills:
 + Level 1.3(1.2) Fighting
 - Level 2.0(1.8) Dodging
 + Level 3.1(2.9) Unarmed Combat
 - Level 2.0(1.8) Spellcasting
 + Level 2.2(2.0) Transmutations


You had 4 spell levels left.
You knew the following spells:

 Your Spells              Type           Power        Failure   Level  Hunger
a - Beastly Appendage     Tmut           #.....       10%         1    ##.....

Your spell library contained the following spells:

 Spells                   Type           Power        Failure   Level  Hunger
 Sticks to Snakes         Tmut           #.......     16%         2    ###....
 Spider Form              Tmut/Pois      #.........   41%         3    ####...
 Ice Form                 Ice/Tmut       #.......     83%         4    #####..
 Blade Hands              Tmut           #.........   95%         5    ######.


Dungeon Overview and Level Annotations

Branches:
Dungeon (1/15)

Altars:


Innate Abilities, Weirdness & Mutations

You cannot wear most types of armour.
You are very stealthy in the water. (Stealth+)
You are amphibious.
You can wear up to eight rings at the same time.
You can use your tentacles to constrict eight enemies at once.
Your skin changes colour to match your surroundings (Stealth+).
Your rubbery body absorbs attacks. (AC +1, EV +1)
One of your tentacles bears a large vicious spike.


Message History

You constrict the hobgoblin, but do no damage.
The hobgoblin closely misses you.
You tentacle-slap the hobgoblin.
Your tentacle spike misses the hobgoblin.
You squeeze the hobgoblin.
You kill the hobgoblin!
A dart slug comes into view.
You tentacle-slap the kobold. You grab the kobold.
You constrict the kobold, but do no damage.
The kobold completely misses you.
You tentacle-slap the kobold.
You constrict the kobold, but do no damage.
The kobold hits you with a +0 whip.
You take 4 damage, and have 4/13 hp.
MASSIVE DAMAGE!!
You tentacle-slap the kobold.
You kill the kobold!
You have reached level 2!
The dart slug launches a dart at you. The slug dart hits you.
You die...

## .#####. .. .. .....w.
#... #. .......
#...##.####......
#.............#
#..........!..#
#.......).)...#
#..(.....@....#
#.............#
#.............#
#.###$######### #.
#.##......# #. #.##......#
#. #.##......#
###.###.##......############
#.......##......##≈≈≈≈≈≈≈≈≈≈


You could see a dart slug.

Vanquished Creatures
  A bat (D:1)
  2 hobgoblins (D:1)
  A frilled lizard (D:1)
  2 kobolds (D:1)
6 creatures vanquished.

Notes
Turn   | Place    | Note
-------+----------+-------------------------------------------
     0 | D:1      | Geomchi the Octopode Transmuter began the quest for the
                  | Orb.
     0 | D:1      | Reached XP level 1. HP: 13/13 MP: 3/3
   280 | D:1      | Reached XP level 2. HP: 5/18 MP: 3/5
   280 | D:1      | Killed from afar by a dart slug

Levels and vault maps discovered:
D:1:      zaba_arrival_water, layout_basic, minivault_4,
          hangedman_feature_mirror

Action                   || total
-------------------------++-------
Melee: Unarmed           ||    13
       Constrict         ||     5
       Tentacles         ||     3
       Kick              ||     2
 Cast: Beastly Appendage ||     2
Armor: Skin              ||     2
Dodge: Dodged            ||     9

Table legend:
 A = Non-vault XP
 B = Vault XP
 C = Vault XP percentage of total XP
 D = Non-vault monster count
 E = Vault monster count
 F = Vault count percentage of total count
                 A         B        C        D         E       F
            +---------+---------+-------+---------+---------+-------
      Total |      10 |       0 |   0.0 |       6 |       0 |   0.0
            +---------+---------+-------+---------+---------+-------
        D:1 |      10 |       0 |   0.0 |       6 |       0 |   0.0
            +---------+---------+-------+---------+---------+-------
